 Dungeon Crawl Stone Soup version 0.19.5 (webtiles) character file.

1927 wolfsongas the Cleaver (level 8, 64/64 HPs)
             Began as a Minotaur Berserker on May 11, 2017.
             Was an Elder of Trog.
             Quit the game on level 6 of the Dungeon on May 12, 2017.
             The game lasted 00:14:39 (5833 turns).

wolfsongas the Cleaver (Minotaur Berserker)         Turns: 5833, Time: 00:14:40

Health: 64/64      AC: 12    Str: 26    XL:     8   Next: 96%
Magic:  7/7        EV:  6    Int:  4    God:    Trog [****..]
Gold:   262        SH: 10    Dex: 10    Spells: 0 memorised, 7 levels left

rFire  + . .     SeeInvis .     e - +0 war axe
rCold  x . .     Gourm    .     n - +0 plate armour
rNeg   . . .     Faith    .     l - +0 shield
rPois  .         Spirit   .     (helmet restricted)
rElec  .         Reflect  .     f - +0 cloak
rCorr  .         Harm     .     (no gloves)
MR     .....                    (no boots)
Stlth  ..........               (no amulet)
                                (no ring)
                                k - ring of fire

@: no status effects
A: retaliatory headbutt, horns 2, talons 1, high mp 1, sense surroundings 1,
strong 1, subdued magic 1
a: Berserk, Trog's Hand, Brothers in Arms, Burn Spellbooks, Renounce Religion


You were on level 6 of the Dungeon.
You worshipped Trog.
Trog was greatly pleased with you.
You were very hungry.

You visited 1 branch of the dungeon, and saw 6 of its levels.
You also visited: Sewer.

You collected 322 gold pieces.
You spent 60 gold pieces at shops.

Inventory:

Hand Weapons
 a - a +1 hand axe of distortion
 e - a +0 war axe (weapon)
Armour
 f - a +0 cloak (worn)
 l - a +0 shield (worn)
 n - a +0 plate armour (worn)
Jewellery
 k - a ring of fire (left hand)
Scrolls
 c - 2 scrolls of remove curse
 d - 3 scrolls of identify
 m - a scroll of magic mapping
 o - a scroll of fear
 s - a scroll of blinking
Potions
 b - 2 potions of berserk rage
 i - 3 potions of brilliance
 p - a potion of heal wounds
 q - 2 potions of flight
Comestibles
 h - 2 bread rations
 r - 5 fruits


   Skills:
 - Level 3.6 Fighting
 * Level 12.4 Axes
 + Level 3.7 Armour
 - Level 2.1 Dodging
 + Level 5.7 Shields


You had 7 spell levels left.
You didn't know any spells.

Dungeon Overview and Level Annotations

Branches:
Dungeon (6/15)
 Temple: D:4-7

Altars:
Dithmenos
Nemelex Xobeh
Ru

Shops:
D:6 !

Annotations:
D:4 Blork the orc


Innate Abilities, Weirdness & Mutations

You reflexively headbutt those who attack you in melee.
You have a pair of horns on your head.
You have sharp toenails.
You have an increased reservoir of magic. (+10% MP)
You passively map a small area around you.
Your muscles are strong. (Str +2)
Your spells are a little easier to cast, but a little less powerful.


Message History

Found a stone staircase leading up.
No target in view!
You open the door.
Found Xiyb's Distillery.
There is an open door here.
There is an entrance to Xiyb's Distillery here.
g - 2 potions of mutation Thank you for shopping at Xiyb's Distillery!
You feel extremely strange.
You feel more energetic.
You feel stronger.
You feel a strange attunement to the structure of the dungeons.
You feel extremely strange.
Your toenails lengthen and sharpen.
Your connection to magic feels subdued.
Welcome back, wolfsongas the Minotaur Berserker.
Trog says: Kill them all!
Press ? for a list of commands and other information.
Unknown command.
Unknown command.
No target in view!
Are you sure you want to abandon this character and quit the game? (Confirm with "yes".)

# *##.#..# #.#
#...####### , ##.#.#
#.# #...# * #.#.##
#.###...#
#....#####.......#
####..#...........#.#
, ..
..###..###'########.#
* #..#.# ##.#.....#
... ####.##.#
#.#.....# ...#
..#.##.# #.#..@..# *
..P , * #.#.##.#
#.#.....# *#. *
#.#.##.# #.#.....#
##....#.# #.####### ,
........####.# +
##....#......#
........######
##.#.#### #.#..#


There were no monsters in sight!

Vanquished Creatures
  Prince Ribbit (D:5)
  Grinder (D:3)
  The ghost of ibes the Cudgeler, an amateur GrBe of Trog (D:4)
  Sigmund (D:5)
  Menkaure (D:5)
  A centaur (D:6)
  A big kobold (Sewer)
  A bullfrog (D:6)
  A howler monkey (D:5)
  A crimson imp (D:5)
  A jelly (D:5)
  7 orc priests
  Crazy Yiuf (D:5)
  2 hounds
  3 orc wizards (D:4)
  An iguana (D:4)
  A bullfrog skeleton (D:5)
  2 worker ants
  3 river rats
  17 adders
  A shadow imp (D:5)
  An ooze (D:1)
  2 adder skeletons (D:4)
  2 worms
  3 leopard geckos
  10 orcs
  18 giant cockroaches
  9 goblins
  9 hobgoblins
  3 jackals
  2 quokkas
  7 ball pythons
  5 bats
  6 frilled lizards
  8 kobolds
  A leopard gecko skeleton (D:6)
  17 rats
152 creatures vanquished.

Notes
Turn   | Place    | Note
-------+----------+-------------------------------------------
     0 | D:1      | wolfsongas the Minotaur Berserker began the quest for the Orb.
     0 | D:1      | Reached XP level 1. HP: 19/19 MP: 0/0
   198 | D:1      | Reached skill level 4 in Axes
   431 | D:1      | Reached XP level 2. HP: 23/26 MP: 1/1
   656 | D:1      | Reached skill level 5 in Axes
   729 | D:1      | Reached XP level 3. HP: 21/31 MP: 2/2
  1370 | D:2      | Reached skill level 1 in Shields
  1370 | D:2      | Reached XP level 4. HP: 38/39 MP: 3/3
  1444 | D:2      | Reached ** piety under Trog
  1455 | D:2      | Reached skill level 6 in Axes
  1463 | D:2      | Found a sacrificial altar of Ru.
  2004 | D:3      | Noticed Grinder
  2010 | D:3      | Killed Grinder
  2010 | D:3      | Reached skill level 7 in Axes
  2010 | D:3      | Reached XP level 5. HP: 45/45 MP: 4/4
  2010 | D:3      | Reached XP level 6. HP: 51/51 MP: 5/5
  2340 | D:3      | Reached skill level 8 in Axes
  2653 | D:3      | Reached *** piety under Trog
  3085 | D:4      | Reached XP level 7. HP: 20/57 MP: 6/6
  3131 | D:4      | Noticed ibes's ghost (amateur GrBe)
  3145 | D:4      | Killed ibes's ghost
  3145 | D:4      | Reached skill level 9 in Axes
  3776 | D:4      | Reached skill level 10 in Axes
  4142 | D:4      | Noticed Blork the orc
  4439 | D:5      | Entered Level 5 of the Dungeon
  4576 | D:5      | Found a shadowy altar of Dithmenos.
  4626 | D:5      | Reached XP level 8. HP: 59/64 MP: 7/7
  4667 | D:5      | Found a glowing drain.
  4681 | Sewer    | Entered a sewer
  4790 | Sewer    | Found a white marble altar of Elyvilon.
  4920 | D:5      | Reached skill level 5 in Shields
  4935 | D:5      | Noticed Menkaure
  4943 | D:5      | Killed Menkaure
  4943 | D:5      | Reached skill level 11 in Axes
  4982 | D:5      | Noticed Prince Ribbit
  4982 | D:5      | Noticed Sigmund
  5010 | D:5      | Killed Sigmund
  5254 | D:5      | Found a sparkling altar of Nemelex Xobeh.
  5437 | D:5      | Killed Prince Ribbit
  5518 | D:5      | Reached skill level 12 in Axes
  5590 | D:5      | Found a runed door.
  5594 | D:5      | Noticed Crazy Yiuf
  5597 | D:5      | Killed Crazy Yiuf
  5698 | D:6      | Reached **** piety under Trog
  5825 | D:6      | Found Xiyb's Distillery.
  5831 | D:6      | Bought 2 potions of mutation for 60 gold pieces
  5831 | D:6      | Gained mutation: You have an increased reservoir of magic. (+10% MP) [potion of mutation]
  5831 | D:6      | Gained mutation: Your muscles are strong. (Str +2) [potion of mutation]
  5831 | D:6      | Gained mutation: You passively map a small area around you. [potion of mutation]
  5832 | D:6      | Gained mutation: You have sharp toenails. [potion of mutation]
  5832 | D:6      | Gained mutation: Your spells are a little easier to cast, but a little less powerful. [potion of mutation]
  5833 | D:6      | Quit the game

Skill      XL: |  1  2  3  4  5  6  7  8 |
---------------+-------------------------+-----
Axes           | 4 5 7 8 10 12 | 12.4
Shields        | 1 2 3 4 5 |  5.7
Armour         | 3 |  3.7
Fighting       | |  3.6
Dodging        | |  2.1

Action                   |  1- 3 |  4- 6 |  7- 9 || total
-------------------------+-------+-------+-------++-------
Melee: Hand axe          |    92 |    12 |       ||   104
       Headbutt          |    13 |    19 |    25 ||    57
       War axe           |       |   120 |   175 ||   295
Invok: Berserk           |     1 |     3 |     6 ||    10
       Trog's Hand       |       |       |     3 ||     3
       Burn Spellbooks   |       |       |     2 ||     2
  Use: Scroll            |     6 |     3 |     6 ||    15
       Potion            |     4 |     4 |     4 ||    12
 Stab: Sleeping          |       |     2 |       ||     2
  Eat: Bread ration      |     2 |       |       ||     2
       Pizza             |     1 |       |     1 ||     2
       Meat ration       |       |       |     2 ||     2
       Royal jelly       |       |       |     1 ||     1
       Beef jerky        |       |       |     1 ||     1
Armor: Animal skin       |    15 |    14 |       ||    29
       Robe              |       |     3 |       ||     3
       Chain mail        |       |       |    45 ||    45
       Plate armour      |       |       |    26 ||    26
Dodge: Dodged            |    37 |    48 |    29 ||   114
Block: Shield            |    23 |    46 |    53 ||   122
